 Dungeon Crawl Stone Soup version 0.30-a0-222-ge547ba4400 (webtiles) character file.

Game seed: 7979144994372668746

232 Decritt the Grave Robber (level 5, -2/25 (30) HPs)
             Began as a Deep Elf Necromancer on Oct 8, 2022.
             Slain by a necrophage (3 damage)
             ... on level 4 of the Dungeon.
             The game lasted 00:08:01 (2699 turns).

Decritt the Grave Robber (Deep Elf Necromancer)     Turns: 2699, Time: 00:08:01

HP:   -2/25 (30)    AC:  4    Str:  5    XL:     5   Next: 73%
MP:   13/13         EV: 13    Int: 22    God:
Gold: 203           SH:  4    Dex: 15    Spells: 8/12 levels left

rFire   . . .      SeeInvis .    n - staff of poison
rCold   + . .      Faith    .    d - +0 buckler
rNeg    . . .      Spirit   .    a - +0 robe
rPois   +          Reflect  .    (no helmet)
rElec   .          Harm     .    (no cloak)
rCorr   .          Rampage  .    s - +0 pair of gloves
Will    .....                    q - +0 pair of boots
Stlth   ++........               (no amulet)
HPRegen 0.24/turn                i - ring of protection from cold
MPRegen 0.13/turn                (no ring)

@: weak-willed, heavily drained
A: no striking features
a: no special abilities


You were on level 4 of the Dungeon.
You visited 1 branch of the dungeon, and saw 4 of its levels.

You collected 203 gold pieces.

Inventory:

Hand Weapons
 j - a +0 whip
Armour
 a - a +0 robe (worn)
 d - a +0 buckler (worn)
 q - a +0 pair of boots (worn)
 s - a +0 pair of gloves (worn)
Magical Staves
 n - a staff of poison (weapon)
Jewellery
 i - a ring of protection from cold (left hand)
Scrolls
 g - a scroll of butterflies {unknown}
 l - a scroll of magic mapping {unknown}
 r - 4 scrolls of identify
 t - a scroll of blinking {unknown}
Potions
 b - a potion of magic
 c - a potion of brilliance {unknown}
 h - a potion of heal wounds {unknown}
 k - a potion of curing {unknown}
 m - a potion of haste
 p - a potion of resistance {unknown}


   Skills:
 + Level 1.9 Fighting
 + Level 3.9 Dodging
 - Level 2.4 Stealth
 + Level 1.3 Shields
 + Level 4.4 Spellcasting
 + Level 5.8 Necromancy
 - Level 1.1 Translocations


You had 8 spell levels left.
You knew the following spells:

 Your Spells              Type           Power      Damage    Failure   Level
a - Necrotise             Necr           100%       1d9       1%          1
b - Vampiric Draining     Necr           30%        2d8       3%          3

Your spell library contained the following spells:

 Spells                   Type           Power      Damage    Failure   Level
 Animate Dead             Necr           30%        N/A       13%         4
 Sting                    Tmut/Pois      28%        1d4       14%         1
 Poisonous Vapours        Pois/Air       14%        N/A       22%         2
 Agony                    Necr           30%        N/A       34%         5
 Tukima's Dance           Hex            4%         N/A       38%         3
 Passage of Golubria      Tloc           9%         N/A       65%         4
 Olgreb's Toxic Radiance  Pois           7%         N/A       80%         4
 Yara's Violent Unravell  Hex/Tmut       2%         3d3       98%         5


Dungeon Overview and Level Annotations

Branches:
Dungeon (4/15)
 Temple: D:4-7

Altars:

Annotations:
D:2 Sigmund


Message History

You see here a hobgoblin corpse.
Your orc skeleton closely misses the necrophage.
There is a stone staircase leading up here.
The necrophage misses you.
The necrophage attacks as you move away!
The necrophage barely misses you.
The necrophage attacks as you move away!
The necrophage closely misses you.
The necrophage attacks as you move away!
The necrophage misses you. The necrophage closely misses you.
There is a stone staircase leading up here.
Okay, then.
Okay, then.
The necrophage closely misses you.
The necrophage attacks as you move away!
The necrophage completely misses you.
As you read the scroll labelled FAOSAMPUEGY, it crumbles to dust.
It is a scroll of identify.
m - a potion of haste;
r - 4 scrolls of identify;
k - a smoky cyan potion The necrophage hits you.
* * * LOW HITPOINT WARNING * * *
You feel drained.
* * * LOW HITPOINT WARNING * * *
As you read the scroll labelled BEWUYC JOSH, it crumbles to dust.
The creatures around you are filled with an inner flame!
It was a scroll of immolation.
The necrophage misses you.
As you read the scroll labelled DUSAOLO JOESKICS, it crumbles to dust.
Magic quickly surges around you.
It was a scroll of vulnerability.
The necrophage hits you.
* * * LOW HITPOINT WARNING * * *
You feel drained.
As you read the scroll labelled KUMUATT XULO, it crumbles to dust.
It is a scroll of amnesia.
Really abort (and waste the scroll)?
Okay, then.
The necrophage hits you!
* * * LOW HITPOINT WARNING * * *
You feel drained.
You die...

## ################# #.
##......#........# #.
#.......#...####.# ##.
#....n..#........# #..
####.#†.#@#.......######..
#......<..#.........#.....
#.........#.#....##.#....#
###.........#...##.##.####.#
#...........................
.....#.).)....##......#########
....#.#........##...<...........
#.. # #........##.....###..#####
.. #.)......###....# #....#


You could see a necrophage (inner flame, weak-willed).

Vanquished Creatures
  2 orc wizards
  An iguana (D:4)
  3 gnolls (D:2)
  4 adders
  2 worms (D:2)
  4 dart slugs (D:1)
  8 orcs
  6 endoplasms
  5 giant cockroaches
  5 goblins
  7 hobgoblins
  A jackal (D:3)
  3 quokkas
  8 ball pythons
  3 bats
  A frilled lizard (D:2)
  4 kobolds
  3 rats
70 creatures vanquished.

Vanquished Creatures (collateral kills)
  A frilled lizard (D:1)
1 creature vanquished.

Grand Total: 71 creatures vanquished

Notes
Turn   | Place    | Note
-------+----------+-------------------------------------------
     0 | D:1      | Decritt the Deep Elf Necromancer began the quest for the
                  | Orb.
     0 | D:1      | Reached XP level 1. HP: 10/10 MP: 6/6
   131 | D:1      | Reached skill level 5 in Necromancy
   131 | D:1      | Reached XP level 2. HP: 16/16 MP: 6/8
   466 | D:1      | Reached XP level 3. HP: 20/20 MP: 7/10
   555 | D:1      | Found a faded altar of an unknown god.
   778 | D:2      | Reached skill level 1 in Fighting
   997 | D:2      | Reached XP level 4. HP: 25/25 MP: 2/11
  1280 | D:2      | Noticed Sigmund
  1458 | D:2      | Reached skill level 1 in Shields
  1798 | D:3      | Reached XP level 5. HP: 28/29 MP: 9/13
  2580 | D:3      | Reached skill level 1 in Translocations
  2659 | D:3      | Learned a level 3 spell: Vampiric Draining
  2699 | D:4      | HP: 1/26 [necrophage (7)]
  2699 | D:4      | Slain by a necrophage

Illustrated notes

Levels and vault maps discovered:
D:1:      erik_arrival_triangle_small, layout_basic,
          shapermc_ecumenical_altar_totnotflames
D:2:      layout_basic, skrybe_limestone_x, uniq_sigmund
D:3:      layout_basic, minmay_surrounded
D:4:      layout_basic, minmay_temple_entry_proselytizer

Skill      XL: |  1  2  3  4  5 |
---------------+----------------+-----
Necromancy     | 5 |  5.8
Dodging        | 3 |  3.9
Fighting       | 1 |  1.9
Spellcasting   | 4 |  4.4
Shields        | 1 |  1.3
Translocations | 1 |  1.1
Stealth        | |  2.4

Action                   |  1- 3 |  4- 6 || total
-------------------------+-------+-------++-------
Melee: Unarmed           |     2 |       ||     2
       Whip              |    10 |       ||    10
       Staff             |       |    23 ||    23
 Cast: Necrotise         |    58 |    63 ||   121
       Vampiric Draining |       |     1 ||     1
  Use: Scroll            |       |     4 ||     4
 Stab: Distracted        |       |     1 ||     1
Armor: Robe              |     3 |     9 ||    12
Dodge: Dodged            |    15 |    33 ||    48
Block: Buckler           |     5 |    11 ||    16

Table legend: (Time is in decaauts)
 A = Elapsed time spent in this place.
 B = Non-inter-level travel time spent in this place.
 C = Inter-level travel time spent in this place.
 D = Time resting spent in this place.
 E = Time spent auto-exploring this place.
 F = Levels seen in this place.
 G = Mean time per level.
                   A        B        C        D        E       F      G
               +--------+--------+--------+--------+--------+-----+--------+
         Total |   2706 |   2606 |    100 |    221 |   1887 |   4 |  676.5 |
       Dungeon |   2706 |   2606 |    100 |    221 |   1887 |   4 |  676.5 |
               +--------+--------+--------+--------+--------+-----+--------+

Top non-repeatable levels by time:
     D:3: 943 daAuts
     D:1: 884 daAuts
     D:2: 654 daAuts
     D:4: 224 daAuts
